 Dungeon Crawl Stone Soup version 0.27-a0-1065-ge809cff456 (webtiles) character file.

Game seed: 18355511058249657374

35 tardwrangler69 the Digger (level 3, 0/21 HPs)
             Began as an Octopode Earth Elementalist on Apr 22, 2021.
             Slain by a worm (11 damage)
             ... on level 2 of the Dungeon.
             The game lasted 00:01:08 (2169 turns).

tardwrangler69 the Digger (OpEE)                    Turns: 2169, Time: 00:01:09

Health: 0/21       AC:  1    Str:  7    XL:     3   Next: 33%
Magic:  4/6        EV: 13    Int: 18    God:
Gold:   70         SH:  0    Dex: 12    Spells: 6/7 levels left

rFire    . . .     SeeInvis .   g - +0 dagger
rCold    . . .     Faith    .   (no shield)
rNeg     . . .     Spirit   .   (helmet restricted)
rPois    .         Reflect  .   (no amulet)
rElec    .         Harm     .   e - ring of wizardry
rCorr    .         Rampage  .   (no ring)
Will     .....                  (no ring)
Stlth    +++.......             (no ring)
HPRegen  0.07/turn              (no ring)
MPRegen  0.10/turn              (no ring)
                                (no ring)
                                (no ring)

@: no status effects
A: almost no armour, amphibious, 8 rings, camouflage 1, gelatinous body 1,
(nimble swimmer 1), tentacles
a: no special abilities


You were on level 2 of the Dungeon.
You visited 1 branch of the dungeon, and saw 2 of its levels.

You collected 70 gold pieces.

Inventory:

Hand Weapons
 g - a +0 dagger (weapon)
Missiles
 b - 36 stones
Jewellery
 e - a ring of wizardry (left tentacle)
Scrolls
 d - a scroll of identify {unknown}
Potions
 a - a potion of mutation {unknown}
 c - a potion of lignification {unknown}
 f - a potion of might {unknown}


   Skills:
 - Level 2.0 Dodging
 - Level 2.6 Stealth
 + Level 2.5 Spellcasting
 - Level 1.0 Transmutations
 * Level 3.9 Earth Magic


You had 6 spell levels left.
You knew the following spells:

 Your Spells              Type           Power      Damage    Failure   Level
a - Sandblast             Erth           32%        2d9       1%          1

Your spell library contained the following spells:

 Spells                   Type           Power      Damage    Failure   Level
 Passwall                 Tmut/Erth      9%         N/A       4%          2
 Magic Dart               Conj           8%         1d3       7%          1
 Stone Arrow              Conj/Erth      18%        3d8       9%          3
 Searing Ray              Conj           4%         3d3       11%         2
 Dazzling Flash           Conj/Hex       4%         N/A       21%         3
 Petrify                  Tmut/Erth      11%        N/A       24%         4
 Lee's Rapid Deconstruct  Erth           8%         3d8*      34%         5
 Fulminant Prism          Conj/Hex       1%         3d6       52%         4
 Iskenderun's Mystic Bla  Conj/Tloc      2%         2d3       52%         4


Dungeon Overview and Level Annotations

Branches:
Dungeon (2/15)

Altars:


Innate Abilities, Weirdness & Mutations

You cannot wear most types of armour.
You are amphibious.
You can wear up to eight rings at the same time.
Your skin changes colour to match your surroundings (Stealth+).
Your rubbery body absorbs attacks. (AC +1, EV +1)
((You are camouflaged near water. (Stealth+)))
You have tentacles for arms and can constrict up to eight enemies at once.


Message History

Casting: Sandblast (safe; 1% risk of failure)
Confirm with . or Enter, or press ? or * to list all spells.
Aiming: Sandblast (safe; 1% risk of failure)
Press: ? - help, Shift-Dir - straight line, f/p - worm
Aim: a worm (93% to hit)
The blast of sand hits the worm!
The worm is heavily wounded.
A worm is nearby!
Casting: Sandblast (safe; 1% risk of failure)
Confirm with . or Enter, or press ? or * to list all spells.
Aiming: Sandblast (safe; 1% risk of failure)
Press: ? - help, Shift-Dir - straight line, f/p - worm
Aim: a worm (moderately wounded, 93% to hit)
The blast of sand hits the worm.
The worm is heavily wounded.
The worm bites you!
There is a stone staircase leading up here.
You climb upwards.
There is a stone staircase leading down here.
You start resting.
Magic restored.
You start resting.
HP restored.
You climb downwards.
The worm bites you!
There is a stone staircase leading up here.
Casting: Sandblast (safe; 1% risk of failure)
Confirm with . or Enter, or press ? or * to list all spells.
Aiming: Sandblast (safe; 1% risk of failure)
Press: ? - help, Shift-Dir - straight line, f - worm
Aim: a worm (93% to hit)
The blast of sand hits the worm.
The worm is moderately wounded.
Casting: Sandblast (safe; 1% risk of failure)
Confirm with . or Enter, or press ? or * to list all spells.
Aiming: Sandblast (safe; 1% risk of failure)
Press: ? - help, Shift-Dir - straight line, f/p - worm
Aim: a worm (moderately wounded, 93% to hit)
The blast of sand misses the worm.
The worm bites you!
Ouch! That really hurt!
You die...

.. ######.
.##.^....
........
#.....#
#.....#
#....)#
#.....######
#....w@....#
##########.#


You could see a worm.

Vanquished Creatures
  2 dart slugs (D:1)
  5 endoplasms (D:1)
  A giant cockroach (D:1)
  A hobgoblin (D:1)
  A quokka (D:1)
  5 ball pythons (D:1)
  4 bats (D:1)
  3 goblins (D:1)
  3 kobolds
  6 rats (D:1)
31 creatures vanquished.

Vanquished Creatures (others)
  A plant (D:2)
1 creature vanquished.

Grand Total: 32 creatures vanquished

Notes
Turn   | Place    | Note
-------+----------+-------------------------------------------
     0 | D:1      | tardwrangler69 the Octopode Earth Elementalist began the
                  | quest for the Orb.
     0 | D:1      | Reached XP level 1. HP: 11/11 MP: 3/3
   609 | D:1      | Reached XP level 2. HP: 17/17 MP: 0/5
  1440 | D:1      | Reached XP level 3. HP: 21/21 MP: 4/6
  2169 | D:2      | Slain by a worm

Illustrated notes

Levels and vault maps discovered:
D:1:      beargit_arrival_diablo_church, layout_loops_corners,
          minmay_rat_gold_closets
D:2:      layout_basic, serial_shops, shop,
          shapermc_ecumenical_altar_mp_ritualfount

Action                   || total
-------------------------++-------
Melee: Unarmed           ||    57
       Constrict         ||    14
       Tentacles         ||     6
       Dagger            ||     1
 Cast: Sandblast         ||    21
 Stab: Sleeping          ||    12
Armor: Skin              ||     6
Dodge: Dodged            ||    38

Table legend: (Time is in decaauts)
 A = Elapsed time spent in this place.
 B = Non-inter-level travel time spent in this place.
 C = Inter-level travel time spent in this place.
 D = Time resting spent in this place.
 E = Time spent auto-exploring this place.
 F = Levels seen in this place.
 G = Mean time per level.
                   A        B        C        D        E       F      G
               +--------+--------+--------+--------+--------+-----+--------+
         Total |   2169 |   2067 |    102 |    118 |   1763 |   2 | 1084.5 |
       Dungeon |   2169 |   2067 |    102 |    118 |   1763 |   2 | 1084.5 |
               +--------+--------+--------+--------+--------+-----+--------+

Top non-repeatable levels by time:
     D:1: 2154 daAuts
     D:2: 15 daAuts
